 Dungeon Crawl Stone Soup version 0.31-a0-920-g28cbb04a8c (webtiles) character file.

Game seed: 15281797096349533251

2 Azuregosa the Sneak (level 1, -8/16 HPs)
             Began as an Octopode Delver on Oct 17, 2023.
             Mangled by Azuregosa's ghost (9 damage)
             ... on level 5 of the Dungeon.
             The game lasted 00:00:39 (36 turns).

Azuregosa the Sneak (Octopode Delver)                 Turns: 36, Time: 00:00:40

Health: -8/16      AC:  1    Str: 11    XL:     1   Next: 30%
Magic:  1/1        EV: 13    Int: 12    God:
Gold:   13         SH:  0    Dex: 13    Spells: 0/0 levels left

rFire   . . .        a - +0 short sword
rCold   . . .        (no shield)
rNeg    . . .        (helmet restricted)
rPois   .            (no amulet)
rElec   .            (no ring)
rCorr   .            (no ring)
SInv    .            (no ring)
Will    .....        (no ring)
Stlth   ++++         (no ring)
HPRegen 0.22/turn    (no ring)
MPRegen 0.07/turn    (no ring)
                     (no ring)

%: no passive effects
@: no status effects
A: almost no armour, amphibious, 8 rings, camouflage 1, gelatinous body 1,
(nimble swimmer 1), tentacles
a: no special abilities


You were on level 5 of the Dungeon.
You visited 1 branch of the dungeon, and saw 2 of its levels.

You collected 13 gold pieces.

Inventory:

Hand Weapons
 a - a +0 short sword (weapon)
Wands
 f - a wand of digging (3)
Scrolls
 b - a scroll of fog
 c - a scroll of revelation
 d - a scroll of fear
Potions
 e - a potion of haste


   Skills:
 - Level 3.0 Fighting
 - Level 2.0 Short Blades
 - Level 2.0 Dodging
 + Level 6.7 Stealth


You couldn't memorise any spells.
You didn't know any spells.
Your spell library was empty.

Dungeon Overview and Level Annotations

Branches:
Dungeon (6/15)
 Temple: D:4-7

Altars:

Annotations:
D:5 Azuregosa's ghost, weakling OpDe
D:6 Prince Ribbit


Innate Abilities, Weirdness & Mutations

You cannot wear most types of armour.
You are amphibious.
You can wear up to eight rings at the same time.
Your skin changes colour to match your surroundings (Stealth+).
Your rubbery body absorbs attacks. (AC +1, EV +1)
((You are camouflaged when in or above water. (Stealth+)))
You have tentacles for arms and can constrict up to eight enemies at once.


Message History

The floor.
You open the door.
There is an open translucent door here.
The helpless Azuregosa's ghost fails to defend itself.
You puncture Azuregosa's ghost!
Azuregosa's ghost is almost destroyed.
Azuregosa's ghost completely misses you.
You closely miss Azuregosa's ghost.
Azuregosa's ghost is almost destroyed.
Azuregosa's ghost hits you.
You barely miss Azuregosa's ghost. Your squeeze misses Azuregosa's ghost.
Azuregosa's ghost is almost destroyed.
Azuregosa's ghost hits you!
Ouch! That really hurt!
* * * LOW HITPOINT WARNING * * *
You barely miss Azuregosa's ghost.
Azuregosa's ghost is almost destroyed.
You closely miss Azuregosa's ghost.
You squeeze Azuregosa's ghost, but do no damage.
Azuregosa's ghost is almost destroyed.
Azuregosa's ghost misses you.
You hit Azuregosa's ghost but do no damage.
Azuregosa's ghost is almost destroyed.
Azuregosa's ghost hits you.
* * * LOW HITPOINT WARNING * * *
You barely miss Azuregosa's ghost.
Azuregosa's ghost is almost destroyed.
Azuregosa's ghost completely misses you.
You hit Azuregosa's ghost.
Azuregosa's ghost is almost destroyed.
Azuregosa's ghost misses you.
You miss Azuregosa's ghost.
Azuregosa's ghost is almost destroyed.
Azuregosa's ghost hits you but does no damage.
You closely miss Azuregosa's ghost.
Azuregosa's ghost is almost destroyed.
Azuregosa's ghost says, "You must not succeed where I failed!"
Azuregosa's ghost hits you!
Ouch! That really hurt!
You die...

..# #... #..#
##### #...#
#P8P####..#.#
#.W.#.......
##@###...#
#...#.>..#
#......#...#
#...#### .##
#...<.. ..
......... #.
#...#.... .
#.###..... ..
#.....


You could see Azuregosa's ghost.

Vanquished Creatures
  An orc (D:6)
1 creature vanquished.

Notes
Turn   | Place    | Note
-------+----------+-------------------------------------------
     0 | D:5      | Azuregosa the Octopode Delver began the quest for the Orb.
     0 | D:5      | Reached XP level 1. HP: 16/16 MP: 1/1
     9 | D:6      | Noticed Prince Ribbit
    11 | D:5      | Noticed an iguana
    11 | D:5      | Noticed an iguana
    22 | D:5      | Found a runed translucent door.
    23 | D:5      | Noticed Azuregosa's ghost (weakling OpDe)
    36 | D:5      | Mangled by Azuregosa's ghost

Illustrated notes

Levels and vault maps discovered:
D:5:      layout_rooms, minmay_temple_entry_large_hall, gammafunk_ghost_grave,
          abandoned_shop
D:6:      layout_loops_ring, serial_bayou_pond_d, uniq_prince_ribbit1

Action                     || total
---------------------------++-------
  Melee: Short sword       ||    11
         Tentacles         ||     1
   Stab: Sleeping          ||     2
 Armour: Skin              ||     5
  Dodge: Dodged            ||     4

Table legend: (Time is in decaauts)
 A = Elapsed time spent in this place.
 B = Non-inter-level travel time spent in this place.
 C = Inter-level travel time spent in this place.
 D = Time resting spent in this place.
 E = Time spent auto-exploring this place.
 F = Levels seen in this place.
 G = Mean time per level.
                   A        B        C        D        E       F      G
               +--------+--------+--------+--------+--------+-----+--------+
         Total |     35 |     35 |      0 |      0 |      0 |   2 |   17.5 |
       Dungeon |     35 |     35 |      0 |      0 |      0 |   2 |   17.5 |
               +--------+--------+--------+--------+--------+-----+--------+

Top non-repeatable levels by time:
     D:6: 18 daAuts
     D:5: 17 daAuts
